[Event "AUT Bundesliga 2024-25"]
[Site "Austria"]
[Date "2025.04.03"]
[Round "7.18"]
[White "Ivanisevic, Ivan"]
[Black "Bacrot, Etienne"]
[Result "0-1"]
[Annotator "TA"]
[ECO "D20"]
[WhiteElo "2527"]
[BlackElo "2633"]
[PlyCount "90"]
[EventDate "2024.08.28"]
[EventType "team-tourn"]
[EventCountry "AUT"]
[SourceTitle "playchess.com"]
[Source "ChessBase"]
[SourceQuality "1"]
[TimeControl "40/5400+30:1800+30"]

1. d4 d5 2. c4 dxc4 3. e4 c5 4. d5 Nf6 5. Nc3 b5 6. Bf4 {[%emt 0:01:59][%cal Oa2a4] Black must now prevent a4!. D20: Queen's Gambit Accepted: 3 e3 and 3 e4.} (6. Nxb5 Qa5+ 7. Nc3 Nxe4 $11) 6... g5 $5 {[%emt 0:00:07][%mdl 4] Leaves trodden paths.} 7. Bxg5 $16 b4 {[%emt 0:00:07] [#]} 8. Bxf6 {[%emt 0:03:11] White is better.} exf6 9. Na4 Qe7 $146 (9... Nd7 10. Bxc4 Bd6 11. Nf3 f5 12. exf5 O-O 13. O-O Ne5 14. Nxe5 Bxe5 15. Qg4+ Kh8 16. Nxc5 {1-0 Beliavsky,A (2518)-Bilych,O (2342) EU-ch 22nd Terme Catez 2022 (5)}) 10. Bxc4 (10. f3 $16) 10... Qxe4+ $11 11. Qe2 Qxe2+ 12. Nxe2 Nd7 13. a3 Ne5 14. Bb5+ Kd8 $1 (14... Bd7 15. Bxd7+ Kxd7 16. axb4 $16) 15. f4 (15. O-O $11 {remains equal.}) 15... Rb8 $1 $17 16. fxe5 Rxb5 17. O-O (17. exf6 $17 Bd7 18. axb4 Rxb4 19. Nac3) 17... fxe5 $19 18. Rxf7 Ra5 19. axb4 cxb4 20. b3 Bd7 21. Ng3 Be8 (21... Bxa4 $142 22. bxa4 Rxd5) 22. Rf6 (22. Rb7 $2 Kc8 $19 (22... Rxd5 23. Rxa7 Bc6 24. Ra6 $15)) (22. Rff1 $17) 22... Be7 (22... Rxd5 23. Ne4 $17) 23. Re6 (23. Rff1 {is a better defense.}) 23... Bd7 (23... Rxd5 24. Ra6 $17) 24. Rd1 (24. Rxe5 Bf6 25. Ree1 Bd4+ (25... Rxd5 26. Rad1 $17) 26. Kh1 Bxa1 (26... Rxd5 27. Rad1 $17) 27. Rxa1 Re8 $19 (27... Rxd5 $2 28. Nb2 $19)) 24... Rxa4 25. bxa4 Bc5+ 26. Kf1 Bxe6 (26... Bxa4 27. Rc1 Rf8+ 28. Ke2 (28. Ke1 b3 $17) 28... Rf2+ 29. Ke1 $11) (26... Rf8+ $19 {is more deadly.} 27. Ke2 Bxe6 (27... Bxa4 28. Rc1 $17) 28. dxe6+ Bd4) 27. dxe6+ {[%emt 0:00:06][%mdl 4096] Endgame KRB-KRN} Ke7 28. Rd5 Bd4 (28... Kxe6 $2 29. Rxc5 a6 30. Ke2 $18) 29. Rb5 {[%emt 0:02:28] Wards off Rb8} Kxe6 30. Ke2 Rc8 31. Ne4 (31. Rxb4 $17 {was the only chance.} Rc2+ 32. Kf3) 31... Rc2+ 32. Kf3 (32. Kd3 $142 Rxg2 33. Rxb4) 32... Rb2 33. h4 a6 34. Nc5+ (34. Rb8 $142 Kd5 35. Rd8+ Kc4 36. Rd7) 34... Bxc5 35. Rxc5 {[%emt 0:00:06] KR-KR. Black is a pawn up.} b3 36. Rc6+ Kd5 37. Rxa6 Rb1 {[%emt 0:00:06] And now ...b2 would win.} 38. Rb6 b2 39. Kg4 e4 40. Rb5+ Kc6 {[%emt 0:02:14] ( -> ...e3)} 41. Rb3 {[%emt 0:09:55] [#]} e3 $1 42. Rxe3 (42. Rc3+ Kd5) 42... Rc1 {[%emt 0:00:05] Black mates.} 43. Rb3 b1=Q ({Weaker is} 43... b1=B 44. Kg5 $17) 44. Rxb1 Rxb1 45. Kg5 Kd6 {[%emt 0:00:41] Weighted Error Value: White=0.78/Black=0.10 (very precise)   Mistake:       	White=8     	Black=3      Inaccurate:     	White=1     	Black=1      OK:         	White=7     	Black=9      Best:        	White=5     	Black=5      Strong:       	---       	Black=2} 0-1

[Event "AUT Bundesliga 2024-25"]
[Site "Austria"]
[Date "2025.04.03"]
[Round "7.19"]
[White "Dragnev, Valentin"]
[Black "Mons, Leon"]
[Result "1/2-1/2"]
[Annotator "TA"]
[ECO "C54"]
[WhiteElo "2538"]
[BlackElo "2479"]
[PlyCount "96"]
[EventDate "2024.08.28"]
[EventType "team-tourn"]
[EventCountry "AUT"]
[SourceTitle "playchess.com"]
[Source "ChessBase"]
[SourceQuality "1"]
[TimeControl "40/5400+30:1800+30"]

1. e4 e5 2. Nf3 Nc6 3. Bc4 Nf6 4. d3 Bc5 5. c3 d6 6. O-O a6 7. Re1 $1 {[%emt 0:00:38][%mdl 4] 7.Re1 is the modern continuation. C54: Giuoco Piano: 4 c3 Nf6, main lines with 5 d4 and 5 d3.} Ba7 8. a4 h6 9. Nbd2 {[%emt 0:00:35] White has an edge.} O-O 10. h3 Re8 11. b4 Be6 12. Bxe6 Rxe6 13. Qc2 Qd7 14. Rb1 b5 15. Ra1 Ree8 16. Nf1 d5 17. Ng3 Rad8 18. Bd2 Bb6 19. a5 Ba7 20. Rac1 Re6 21. Nf5 {[%emt 0:22:03] Prevents Rd6.} Ne7 $146 (21... Rc8 22. Qb2 Rd8 23. Re2 dxe4 24. dxe4 Qd3 {½-½ Marbourg,D (2477)-Rasmussen,E (2363) VW-Cup13 Gr54 email 2021}) 22. exd5 (22. c4 bxc4 23. exd5 Nfxd5 24. dxc4 Nxf5 25. cxd5 Rf6 26. Qxc7 Nh4 27. Qxd7 Rxd7 28. Rxe5 Rxf3 29. Re8+) 22... Qxd5 (22... Nfxd5 23. Nxe5 Rxe5 24. Nxh6+ gxh6 25. Rxe5 Ng6) 23. Nxe7+ Rxe7 24. d4 e4 25. Ne5 Nd7 ({But not} 25... Rxe5 $6 26. dxe5 Qxe5 (26... Qxd2 $2 {is the wrong capture.} 27. Red1 $18) 27. c4 $16 (27. Be3 Bxe3 28. Rxe3 c5 $16)) 26. Nxd7 Rdxd7 27. Re2 Re6 28. Rce1 Rde7 $1 29. Bf4 c6 30. Bg3 f6 31. Qd2 Kf7 32. Qd1 Qg5 33. Re3 Qd5 34. Bh2 Re8 35. Qe2 g6 36. Qg4 (36. g4 {with more complications.} Qg5 37. f3 Qxe3+ 38. Qxe3 exf3 39. Kf2) 36... h5 {[%emt 0:02:02] The position is equal.} 37. Qe2 f5 38. Qc2 Bb8 39. Bxb8 Rxb8 40. f3 Rbe8 41. fxe4 Rxe4 42. Qf2 h4 43. Rxe4 Rxe4 44. Rxe4 Qxe4 $11 {[%emt 0:00:05] KQ-KQ} 45. d5 cxd5 46. Qa7+ Qe7 47. Qxa6 {[%emt 0:00:13][%cal Og1f1] [#]} Qe1+ 48. Kh2 {[%emt 0:00:07] Threatens to win with Qd6.} Qe5+ {[%emt 0:00:09] Weighted Error Value: White=0.08 (flawless) /Black=0.08 (flawless)   Inaccurate:     	White=4     	Black=6      OK:         	White=17    	Black=11     Best:        	White=1     	Black=2      Strong:       	---       	Black=1} 1/2-1/2

[Event "AUT Bundesliga 2024-25"]
[Site "Austria"]
[Date "2025.04.03"]
[Round "7.20"]
[White "Koelle, Tobias"]
[Black "Banusz, Tamas"]
[Result "0-1"]
[Annotator "TA"]
[ECO "D52"]
[WhiteElo "2459"]
[BlackElo "2592"]
[PlyCount "134"]
[EventDate "2024.08.28"]
[EventType "team-tourn"]
[EventCountry "AUT"]
[SourceTitle "playchess.com"]
[Source "ChessBase"]
[SourceQuality "1"]
[TimeControl "40/5400+30:1800+30"]

1. d4 d5 2. c4 e6 3. Nf3 Nf6 4. Nc3 c6 5. Bg5 Nbd7 6. e3 Qa5 7. cxd5 Nxd5 8. Qd2 Bb4 9. Rc1 h6 10. Bh4 b6 {[%emt 0:00:18] D52: Queen's Gambit Declined: Cambridge Springs Variation.} 11. a3 Bxc3 12. bxc3 c5 {[%emt 0:01:48] The position is equal.} 13. c4 Qxd2+ 14. Nxd2 Ne7 15. f3 Ba6 16. Bd3 cxd4 17. exd4 Rd8 $146 (17... e5 18. O-O exd4 19. Rfe1 f6 20. Bf2 Nc5 21. Bc2 Rd8 22. Nb3 Kf7 23. Nxd4 Bxc4 {½-½ Girya,O (2479)-Nechaeva,M (2391) EU-ch (Women) 16th 2015 (10)}) 18. Rc3 Nf8 19. Bf2 Nfg6 20. g3 O-O 21. f4 Rd7 22. O-O Rfd8 23. Nb3 Rc8 24. Rfc1 Rdc7 25. R3c2 Nf8 26. h3 Nd7 27. g4 Nf6 28. Kh2 h5 29. Kg3 Ne8 30. Be3 (30. gxh5 Nf6 $15) 30... hxg4 31. hxg4 f5 32. g5 Nd6 33. Nd2 Bb7 34. d5 exd5 35. cxd5 (35. c5 Ne4+ 36. Nxe4 fxe4 37. cxb6 Rxc2 38. Bxc2 Nf5+ 39. Kf2 Nxe3 (39... Rc3 40. bxa7 d4 41. Rb1 $11) 40. Kxe3 axb6 $19) 35... Rxc2 36. Rxc2 Rxc2 37. Bxc2 Bxd5 38. Kf2 Kf7 39. Bd4 g6 40. Bd3 Nc6 41. Bb2 a5 42. Ke1 (42. a4 $1 $15) 42... Ke6 43. Kd1 Be4 ({Black should play} 43... b5 $17 44. Bf1 Kd7) 44. Bc4+ $1 $15 Bd5 (44... Nxc4 $15 45. Nxc4 b5) 45. Be2 (45. Bd3 $11) 45... b5 $17 {[%emt 0:00:00] White is now going downhill.} 46. Bc3 Kd7 47. Kc1 Kc7 48. Bf6 {[%emt 0:00:00] [#]} (48. Nb1 $17) 48... Kb6 $1 $19 49. Bg7 (49. Nb1 $142) 49... Kc5 50. Bc3 Nd4 51. Bd3 b4 52. axb4+ axb4 53. Bb2 Nf7 54. Bf1 (54. Ba6 $142) 54... Nd8 ({Weaker is} 54... Ne6 55. Kc2 $19) 55. Kd1 N8e6 56. Bc1 Nxf4 57. Ne4+ Bxe4 58. Bxf4 {[%emt 0:00:00][%mdl 4096] Endgame KBB-KBN. Black is two pawns up.} Kd5 59. Kc1 Ne6 {[%emt 0:01:23] Black is clearly winning.} 60. Bd2 b3 61. Kb2 Bc2 {[%emt 0:00:44] Threatens to win with ...f4.} 62. Kc3 Ke5 63. Bc4 Nc5 {[%emt 0:01:03] [#] ( -> ...Ne4+)} 64. Kb4 Ne4 65. Bc1 f4 66. Be2 Kf5 67. Kc4 Nxg5 {[%emt 0:00:21] Weighted Error Value: White=0.27 (precise) /Black=0.11 (very precise)   Mistake:       	White=5     	Black=2      Inaccurate:     	White=4     	Black=1      OK:         	White=11    	Black=29     Best:        	White=1     	Black=1      Strong:       	White=1     	Black=1} 0-1

[Event "AUT Bundesliga 2024-25"]
[Site "Austria"]
[Date "2025.04.03"]
[Round "7.21"]
[White "Blohberger, Felix"]
[Black "Deuer, Marius"]
[Result "0-1"]
[Annotator "TA"]
[ECO "A30"]
[WhiteElo "2511"]
[BlackElo "2464"]
[PlyCount "63"]
[EventDate "2024.08.28"]
[EventType "team-tourn"]
[EventCountry "AUT"]
[SourceTitle "playchess.com"]
[Source "ChessBase"]
[SourceQuality "1"]
[TimeControl "40/5400+30:1800+30"]

1. Nf3 Nf6 2. c4 c5 3. b3 Nc6 4. Bb2 e6 5. g3 d5 6. cxd5 {[%emt 0:00:29] A30: Symmetrical English: Double Fianchetto and Hedgehog.} exd5 7. Bg2 d4 {[%emt 0:01:06] 7...d4 is better than 7...Be7.} 8. O-O {[%emt 0:00:19] The position is equal.} Be7 9. Na3 O-O 10. e3 Bg4 11. h3 Bh5 12. g4 Bg6 13. Nc4 Rc8 14. Re1 Rc7 $146 (14... Nb4 15. Nce5 Bc2 16. Qe2 Bd6 17. d3 Re8 18. a3 Bxe5 19. axb4 Bxb3 20. bxc5 Rxc5 21. Bxd4 {½-½ So,W (2778)-Aronian,L (2764) Norway Masters blitz 6th 2018 (4)}) 15. Nfe5 Nxe5 {[%emt 0:05:34] Successful Defense Black} 16. Nxe5 Be4 17. exd4 Bxg2 18. Kxg2 cxd4 19. Qf3 Bb4 20. Qd3 Bc5 21. Rac1 Re8 22. a3 Nd5 (22... Bxa3 $11 23. Bxa3 Rxc1 24. Bxc1 Qd5+ 25. Kg1 Rxe5 26. Rxe5 Qxe5) 23. Qf3 $14 f6 24. Nd3 {[%emt 0:01:21] [#] Rxe8+ would now be deadly.} Rxe1 25. Rxe1 Bb6 26. Re4 Rc2 27. Qf5 (27. Qd1 $14 Qc8 28. Bxd4) 27... g6 (27... Rxd2 28. Qe6+ Kf8 29. a4) 28. Qe6+ Kg7 29. g5 Rxd2 30. gxf6+ $2 {[%emt 0:00:41][%mdl 8192] [#]} (30. Ne5 $1 $11 {and White stays safe.} fxe5 (30... Rxb2 31. Qf7+ Kh8 32. Nxg6+ hxg6 33. Rh4#) 31. Qxe5+ Kg8 32. Qe6+ Kf8 33. Qe5) 30... Nxf6 $19 31. Ne5 Nxe4 32. Qf7+ {[%emt 0:00:03] Weighted Error Value: White=0.56/Black=0.09 (flawless)   Loses game:     	White=1     	---        Mistake:       	White=1     	Black=1      Inaccurate:     	White=3     	Black=3      OK:         	White=7     	Black=13     Best:        	White=2     	Black=3} 0-1

[Event "AUT Bundesliga 2024-25"]
[Site "Austria"]
[Date "2025.04.03"]
[Round "7.22"]
[White "Rosner, Jonas"]
[Black "Peyrer, Konstantin"]
[Result "0-1"]
[Annotator "RC"]
[ECO "A17"]
[WhiteElo "2430"]
[BlackElo "2451"]
[PlyCount "78"]
[EventDate "2024.08.28"]
[EventType "team-tourn"]
[EventCountry "AUT"]
[SourceTitle "playchess.com"]
[Source "ChessBase"]
[SourceQuality "1"]
[TimeControl "40/5400+30:1800+30"]

1. Nf3 Nf6 2. c4 e6 3. Nc3 d5 4. e3 Nbd7 5. b3 b6 6. cxd5 exd5 7. Bb2 Bb7 8. Rc1 a6 9. Ne2 c5 10. Ng3 g6 11. Be2 Bd6 12. d4 O-O 13. O-O Qe7 14. Rc2 h5 15. Qa1 Ng4 16. Rfc1 f5 17. Nf1 Rae8 18. h3 Ngf6 19. g3 Ne4 20. h4 f4 21. exf4 Bxf4 22. Re1 Bd6 23. N1h2 g5 24. hxg5 h4 25. Ng4 hxg3 26. Kg2 c4 27. bxc4 gxf2 28. Rh1 f1=Q+ 29. Rxf1 Ng3 30. Rf2 Nxe2 31. Rcxe2 Qxe2 32. Rxe2 Rxe2+ 33. Kf1 Re4 34. Nh6+ Kg7 35. c5 bxc5 36. dxc5+ Be5 37. Kf2 d4 38. c6 Bxc6 39. Qc1 Bd5 0-1

[Event "AUT Bundesliga 2024-25"]
[Site "Austria"]
[Date "2025.04.03"]
[Round "7.23"]
[White "Froewis, Georg"]
[Black "Hacker, Jonas"]
[Result "1-0"]
[Annotator "RC"]
[ECO "A54"]
[WhiteElo "2429"]
[BlackElo "2370"]
[PlyCount "59"]
[EventDate "2024.08.28"]
[EventType "team-tourn"]
[EventCountry "AUT"]
[SourceTitle "playchess.com"]
[Source "ChessBase"]
[SourceQuality "1"]
[TimeControl "40/5400+30:1800+30"]

1. Nf3 d5 2. g3 Nd7 3. Bg2 e5 4. d3 Ngf6 5. O-O Be7 6. c4 dxc4 7. dxc4 O-O 8. Nc3 c6 9. Qc2 Qc7 10. b3 Re8 11. Bb2 Bf8 12. Rad1 g6 13. h3 Nc5 14. Qc1 e4 15. Nd4 e3 16. f4 a5 17. Rf3 Bd7 18. Rxe3 Rxe3 19. Qxe3 Re8 20. Qd2 h5 21. Nf3 Bg7 22. Ne5 Bf5 23. Qd4 Nfd7 24. e4 Rxe5 25. fxe5 Bxe5 26. Qd2 Be6 27. Ne2 Bxg3 28. Nxg3 Qxg3 29. Qh6 f6 30. Bxf6 1-0

[Event "AUT Bundesliga 2024-25"]
[Site "Austria"]
[Date "2025.04.03"]
[Round "7.24"]
[White "Hinterreiter, Markus"]
[Black "Balint, Peter"]
[Result "0-1"]
[Annotator "RC"]
[ECO "A38"]
[WhiteElo "2236"]
[BlackElo "2366"]
[PlyCount "62"]
[EventDate "2024.08.28"]
[EventType "team-tourn"]
[EventCountry "AUT"]
[SourceTitle "playchess.com"]
[Source "ChessBase"]
[SourceQuality "1"]
[TimeControl "40/5400+30:1800+30"]

1. Nf3 Nf6 2. g3 g6 3. Bg2 Bg7 4. O-O O-O 5. c4 c5 6. Nc3 Nc6 7. d4 cxd4 8. Nxd4 Qa5 9. Nc2 d6 10. Bd2 Qh5 11. e4 Qxd1 12. Raxd1 Bg4 13. f3 Bd7 14. b3 Rab8 15. a4 Rfc8 16. Rb1 a6 17. Rfd1 Ne8 18. Nd5 b5 19. axb5 axb5 20. cxb5 Rxb5 21. Bf1 Rbb8 22. Ba6 Rd8 23. b4 e6 24. Nc3 Ne5 25. Kg2 Rb6 26. Ra1 Ra8 27. Be2 Rc8 28. Na4 Bxa4 29. Rxa4 Rxc2 30. Ra8 Kf8 31. f4 Nd7 0-1

[Event "AUT Bundesliga 2024-25"]
[Site "Austria"]
[Date "2025.04.03"]
[Round "7.25"]
[White "Karthik Venkataraman"]
[Black "Horvath, Dominik"]
[Result "1-0"]
[Annotator "TA"]
[ECO "B45"]
[WhiteElo "2565"]
[BlackElo "2543"]
[PlyCount "67"]
[EventDate "2024.08.28"]
[EventType "team-tourn"]
[EventCountry "AUT"]
[SourceTitle "playchess.com"]
[Source "ChessBase"]
[SourceQuality "1"]
[TimeControl "40/5400+30:1800+30"]

1. e4 c5 2. Nf3 e6 3. d4 cxd4 4. Nxd4 Nc6 5. Nc3 Nf6 6. Ndb5 Bc5 7. Bf4 O-O {[%emt 0:00:05] B45: Sicilian Four Knights.} 8. Bc7 Qe7 9. Bd6 $1 Bxd6 {[%emt 0:00:03] The position is equal.} 10. Qxd6 Qd8 11. Nc7 Rb8 12. Be2 b5 $1 13. e5 $1 (13. N3xb5 $2 Nxe4 14. Qf4 Nf6 $19 (14... d5 $2 15. c4 $17)) (13. Bxb5 Rb7 14. e5 Nh5 (14... Qxc7 15. Qxc7 Rxc7 16. exf6 $11) (14... Nxe5 15. Qxe5 Rxc7 16. O-O $15) 15. Bxc6 dxc6 $19) 13... Ne8 {[%emt 0:00:34] 13...Ne8 scores better than 13...b4.} 14. Nxe8 b4 15. Ne4 Rxe8 16. O-O Qb6 (16... Rb6 $11) 17. Rfd1 $16 {[%emt 0:28:28] White leaves nothing to chance now.} Ne7 18. Rd2 $5 $146 {[%emt 0:14:07][%mdl 8] An interesting novelty. White is much more active.} (18. a4 Qxd6 19. Nxd6 Rd8 20. Rd4 Nc6 21. Re4 f5 22. exf6 gxf6 23. Rg4+ Kf8 24. Rh4 {0-1 Hungaski,R (2511)-Tristan,L (2535) Villa Martelli ProAm op 28th 2021 (6)}) 18... Nf5 19. Qxb6 $40 {[%emt 0:01:47][%mdl 128] Black is in trouble.} Rxb6 20. a4 bxa3 {[%emt 0:09:42][%csl Oa3,Oa7,Od7] [#] and ...Bb7 should not be overlooked. Black has weak pawns. White has strong rooks and is better} 21. b3 $1 ({Of course not} 21. Rxa3 Rxb2 22. Rxa7 Bb7 $11) (21. bxa3 $6 Bb7 22. Nc5 Bd5 $11) 21... Rb4 22. f3 Bb7 (22... f6 $142) 23. Nc5 {[%emt 0:00:38][%cal Oc2c3] and c3! should not be overlooked} Bd5 (23... Rd4 $16 24. Bd3 Bc6 25. Rxa3 Ra8) 24. Rxa3 $18 Rc8 25. Rxa7 {[%emt 0:01:36] White plays on the queen side and is better} (25. Nxd7 Rd4 (25... Rc7 26. c4 $15) 26. Rxd4 Nxd4 $17) 25... Rd4 {[%emt 0:00:15] [#]} (25... Rxc5 $2 {perishes.} 26. Rxd5 Rc8 27. Rdxd7 $18) 26. Nd3 $1 d6 (26... Rc3 $16) 27. exd6 Nxd6 28. c4 {[%emt 0:00:04] Prevents Nb5.} Bc6 29. Rda2 f6 (29... h5 $142 30. Kf2 h4) 30. Nc5 e5 (30... Nf7 $142 31. b4 (31. Nxe6 Rd6 $18) 31... Nd8) 31. Ne6 {[%emt 0:00:31][%csl LRd4,LRg7] White is clearly winning.} Rh4 32. Rxg7+ Kh8 33. Raa7 Nf5 34. Rgc7 {[%emt 0:00:30] Weighted Error Value: White=0.03 (flawless) /Black=0.30  Mistake:       	---       	Black=6      Inaccurate:     	White=1     	---        OK:         	White=14    	Black=10     Best:        	White=1     	---        Strong:       	White=4     	Black=1} 1-0

[Event "AUT Bundesliga 2024-25"]
[Site "Austria"]
[Date "2025.04.03"]
[Round "7.26"]
[White "Kozak, Adam"]
[Black "Pajeken, Jakob Leon"]
[Result "1-0"]
[Annotator "TA"]
[ECO "C71"]
[WhiteElo "2598"]
[BlackElo "2435"]
[PlyCount "95"]
[EventDate "2024.08.28"]
[EventType "team-tourn"]
[EventCountry "AUT"]
[SourceTitle "playchess.com"]
[Source "ChessBase"]
[SourceQuality "1"]
[TimeControl "40/5400+30:1800+30"]

1. e4 e5 2. Nf3 Nc6 3. Bb5 a6 4. Ba4 d6 5. c4 Bg4 6. h3 Bxf3 7. Qxf3 Nf6 8. d3 {[%emt 0:00:57] C71: Ruy Lopez: Deferred Steinitz Variation, sidelines.} Nd7 9. Be3 Be7 10. Nc3 {[%emt 0:02:11] The position is equal.} Nf8 11. Nd5 Ne6 12. Nb4 Qd7 13. Nxc6 bxc6 14. Qg4 $146 {[%emt 0:02:52] Repels Bg5} (14. Rd1 Rb8 15. b3 Nc5 16. Bxc5 dxc5 17. Qg4 g6 18. Qxd7+ Kxd7 19. Ke2 Bd6 20. f3 {½-½ Bokros,A (2482)-Brunello,S (2555) EU-Cup 33rd Antalya 2017 (2.3)}) 14... O-O 15. O-O Rab8 16. Rab1 g6 17. b4 Bf6 18. Rfc1 Bg7 19. Qf3 Nd4 20. Bxd4 exd4 {[%emt 0:00:04] [#]} 21. e5 $1 Rb6 (21... dxe5 22. Bxc6) 22. exd6 cxd6 23. c5 dxc5 24. bxc5 Rxb1 25. Rxb1 Rc8 26. Rb6 Qe6 27. Bb3 (27. Rxa6 Qxa2 28. Rxc6 (28. Bxc6 $2 Qxa6 29. Bb7 Qa1+ 30. Kh2 Rxc5 $19) 28... Re8 $11) 27... Qe1+ 28. Kh2 Qe5+ 29. g3 {[%emt 0:00:06] Black is weak on the light squares} Qxc5 30. Qxf7+ (30. Bxf7+ Kh8 31. Rb7 (31. Rxa6 Rf8 $17) 31... a5) 30... Kh8 31. Rb7 $40 {[%emt 0:00:08][%csl Gb7][%cal Rf7g7,Bb6b7,Bb7a7,Ba7a6][%mdl 160] [#] White goes for the king.} (31. Rxa6 Rf8 32. Qe6 Rxf2+ 33. Kg1 Rf8 34. Rxc6 (34. Qxc6 $2 Qe5 $19) 34... Qg5 $11) 31... Qf8 32. Ra7 {[%emt 0:05:36] White has more active pieces.} Qxf7 33. Bxf7 $16 {[%emt 0:00:02][%mdl 4096] Endgame KRB-KRB} Be5 34. Rxa6 Kg7 35. Bc4 Rc7 (35... Bd6 {is a better defense.} 36. Kg2 Bc5) 36. a4 $18 Bd6 (36... Kf8 $142 37. h4 Ke7) 37. a5 Bc5 38. Ra8 {[%emt 0:00:07] Repels Rc8} Kf6 39. a6 h5 40. Kg2 Kf5 41. Re8 Be7 42. Rh8 Bc5 43. Kf3 Kf6 44. Re8 Kf5 45. Be6+ Kf6 46. Rc8 ({Don't take} 46. Bc4 Kf5 47. Ke2 (47. g4+ hxg4+ 48. hxg4+ Kf6 $18) 47... Be7 $18) 46... Rxc8 47. Bxc8 Ke5 48. Bd7 {[%emt 0:00:17] Weighted Error Value: White=0.08 (flawless) /Black=0.21 (precise)   Mistake:       	---       	Black=2      Inaccurate:     	White=1     	Black=3      OK:         	White=20    	Black=13     Best:        	White=4     	---} 1-0

[Event "AUT Bundesliga 2024-25"]
[Site "Austria"]
[Date "2025.04.03"]
[Round "7.27"]
[White "Janzelj, Tim"]
[Black "Markus, Robert"]
[Result "1/2-1/2"]
[Annotator "TA"]
[ECO "A03"]
[WhiteElo "2404"]
[BlackElo "2595"]
[PlyCount "105"]
[EventDate "2024.08.28"]
[EventType "team-tourn"]
[EventCountry "AUT"]
[SourceTitle "playchess.com"]
[Source "ChessBase"]
[SourceQuality "1"]
[TimeControl "40/5400+30:1800+30"]

1. f4 d5 2. Nf3 Nf6 3. e3 Bg4 4. h3 Bxf3 5. Qxf3 c6 6. Nc3 {[%emt 0:03:10] A03: Bird's Opening with 1...d5.} e6 7. g4 d4 $146 (7... Be7 8. b3 Nbd7 9. g5 Ng8 10. Bb2 Qa5 11. Nb5 f6 12. Nd4 Nf8 13. h4 O-O-O {1-0 Hayward,A (1986)-Andrews,J (1650) London Classic op 2009 (6)}) 8. exd4 {[%emt 0:20:26] White is slightly better.} Qxd4 9. Ne2 Qb6 10. b3 Na6 11. a3 {[%emt 0:03:14] Against Nb4} O-O-O 12. Bb2 Qa5 13. b4 Qd5 14. Qxd5 {[%emt 0:00:54] A sharp opening} exd5 15. g5 Nh5 16. h4 {[%emt 0:05:38] [#]} Re8 17. O-O-O Kd8 18. Rh3 Nc7 19. Rf3 Rg8 20. Nd4 g6 21. f5 {[%emt 0:00:46] White is more active.} Bd6 22. c4 (22. d3 $16) 22... Re4 $1 $11 23. fxg6 fxg6 24. Rf7 (24. cxd5 Nxd5 25. Rf7 Re7 26. Rxe7 Kxe7 27. Re1+) 24... Be5 (24... Re7 25. Rxe7 Kxe7 26. Re1+ Kd8) 25. Bh3 {[%emt 0:04:01][%cal Od4c6] [#]} Rg7 ({Of course not} 25... Bxd4 $6 26. Rd7+ Ke8 27. Bxd4 (27. Rxc7 Bxb2+ 28. Kxb2 Rg7 $14) 27... Rxd4 28. Re1+ (28. Rxc7 Rxc4+ 29. Kb2 Rg7 $14) 28... Re4 (28... Kf8 29. Rxc7 Rxc4+ 30. Kb1 $16) 29. Rxe4+ dxe4 30. Rxc7 $16) (25... dxc4 $2 26. Nxc6+ bxc6 27. Bxe5 (27. Rxh7 $2 {loses.} Bxb2+ 28. Kxb2 Rg7 $19) (27. Rd7+ Ke8 $11) 27... Rxe5 28. Rd7+ Kc8 29. Rg7+ (29. Rxh7+ $2 Kb7 $19) 29... Kb7 30. Rxg8 $18) 26. Rxc7 Kxc7 27. Ne6+ Kd6 28. c5+ Ke7 29. Bxe5 Rxe5 30. Nxg7 Nxg7 {[%emt 0:00:09][%mdl 4096] Endgame KRB-KRN} 31. Bc8 b6 32. Kc2 Kd8 33. Bg4 Re4 34. Rg1 bxc5 35. d3 Rf4 36. bxc5 Nf5 37. Bxf5 Rxf5 {[%emt 0:00:15] KR-KR} 38. Rg4 Kc7 39. Kc3 Rf1 40. Kd4 Kd7 {[%emt 0:00:08] The position is equal.} 41. Ke3 Ke6 42. Ra4 Rf7 43. Ra6 Rc7 44. Kf4 Rf7+ 45. Kg4 Ke5 46. Rxc6 Rf4+ 47. Kg3 {[%emt 0:00:08][%cal Oc6e6] Black must now prevent Re6+!.} Rd4 48. Ra6 Rxd3+ 49. Kf2 Rc3 50. Rxa7 Rxc5 51. Rxh7 Rc2+ 52. Ke1 Ra2 53. h5 {[%emt 0:01:33] Weighted Error Value: White=0.07 (flawless) /Black=0.09 (flawless)   Mistake:       	White=1     	---        Inaccurate:     	White=4     	Black=7      OK:         	White=27    	Black=20     Best:        	---       	Black=3      Strong:       	---       	Black=1} 1/2-1/2